 Dungeon Crawl Stone Soup version 0.26-a0-394-g0b5ff55 (webtiles) character file.

Game seed: 12454195422344711627

1461 Illumine the Insei (level 8, -1/61 HPs)
             Began as a Gnoll Transmuter on July 22, 2020.
             Was an Initiate of Ashenzari.
             Slain by an orc warrior
             ... wielding a +0 battleaxe
              (20 damage)
             ... on level 6 of the Dungeon.
             The game lasted 00:10:20 (6570 turns).

Illumine the Insei (Gnoll Transmuter)               Turns: 6570, Time: 00:10:21

Health: -1/61      AC:  2    Str: 14    XL:     8   Next: 77%
Magic:  13/17      EV: 25    Int: 17    God:    Ashenzari [......]
Gold:   300        SH:  0    Dex: 20    Spells: 8/19 levels left

rFire    . . .     SeeInvis .     - Unarmed
rCold    + . .     Faith    .   (shield currently unavailable)
rNeg     . . .     Spirit   .   (armour currently unavailable)
rPois    x         Reflect  .   (helmet currently unavailable)
rElec    .         Harm     .   (cloak currently unavailable)
rCorr    .                      (gloves currently unavailable)
MR       .....                  (boots currently unavailable)
Stlth    ++++......             (no amulet)
HPRegen  0.20/turn              b - ring of stealth
MPRegen  0.15/turn              m - ring of protection from cold

@: spider-form, wereblooded
A: tiny, distributed training, strong nose
a: End Transformation, Curse Item, Renounce Religion


You were on level 6 of the Dungeon.
You worshipped Ashenzari.
Ashenzari was noncommittal.
You were a venomous arachnid creature.
You visited 1 branch of the dungeon, and saw 6 of its levels.

You collected 300 gold pieces.

Inventory:

Missiles
 f - 2 throwing nets
 t - 17 poisoned darts (quivered)
Armour
 a - a +0 robe
 s - a cursed +0 leather armour (melded)
 w - a +0 pair of boots (melded)
 y - a +2 robe of the Archmagi
Jewellery
 b - a ring of stealth (left front leg)
 m - a ring of protection from cold (right front leg)
 v - an uncursed ring of resist corrosion
Wands
 x - a wand of polymorph (5)
 z - a wand of disintegration (17)
Scrolls
 e - 10 scrolls of identify {unknown}
 h - a scroll of blinking {unknown}
 i - 2 scrolls of fear {unknown}
 n - 5 scrolls of teleportation {unknown}
 o - 3 scrolls of remove curse
 q - 3 scrolls of magic mapping {unknown}
 r - a scroll of immolation {unknown}
 A - a scroll of enchant armour {unknown}
Potions
 c - 2 potions of heal wounds {unknown}
 d - 2 potions of flight {unknown}
 g - a potion of brilliance {unknown}
 j - 2 potions of invisibility {unknown}
 k - a potion of curing
 l - 3 potions of stabbing {unknown}
 p - a potion of mutation {unknown}
 u - a potion of ambrosia {unknown}


   Skills:
 + Level 4.4 Fighting
 + Level 3.5 Short Blades
 + Level 3.5 Long Blades
 + Level 3.5 Axes
 + Level 3.5 Maces & Flails
 + Level 3.5 Polearms
 + Level 3.5 Staves
 + Level 3.5 Slings
 + Level 3.5 Bows
 + Level 3.5 Crossbows
 + Level 3.5 Throwing
 + Level 3.5 Armour
 + Level 5.8 Dodging
 + Level 3.5 Stealth
 + Level 3.5 Shields
 + Level 7.5 Unarmed Combat
 + Level 6.2 Spellcasting
 + Level 2.9 Conjurations
 + Level 2.9 Hexes
 + Level 2.9 Summonings
 + Level 2.9 Necromancy
 + Level 2.9 Translocations
 + Level 4.8 Transmutations
 + Level 2.9 Fire Magic
 + Level 2.9 Ice Magic
 + Level 2.9 Air Magic
 + Level 2.9 Earth Magic
 + Level 2.9 Poison Magic
 + Level 3.9 Invocations
 + Level 3.5 Evocations


You had 8 spell levels left.
You knew the following spells:

 Your Spells              Type           Power        Failure   Level
a - Beastly Appendage     Tmut           ###...       7%          1
b - Wereblood             Tmut           ###.....     10%         2
c - Spider Form           Tmut/Pois      ###.......   21%         3
d - Apportation           Tloc           ###...       12%         1
e - Ice Form              Ice/Tmut       ###.....     47%         4

Your spell library contained the following spells:

 Spells                   Type           Power        Failure   Level
 Animate Skeleton         Necr           ###...       12%         1
 Corona                   Hex            ###....      12%         1
 Summon Small Mammal      Summ           ###.         12%         1
 Blade Hands              Tmut           ###.......   65%         5


Dungeon Overview and Level Annotations

Branches:
Dungeon (6/15)             Temple (0/1) D:4

Altars:
Ashenzari
Dithmenos
Fedhas
Gozag
Kikubaaqudgha
Ru
Uskayaw
Wu Jian
Xom

Shops:
D:6 *

Annotations:
D:6 Menkaure


Innate Abilities, Weirdness & Mutations

Your experience applies equally to all skills.
((You have very sharp teeth.))
Your uncanny sense of smell can sniff out nearby items.


Message History

The orc priest invokes the aid of Beogh against you.
Beogh smites you! The bullfrog hits you.
* * * LOW HITPOINT WARNING * * *
The orc completely misses you.
You bite the orc priest!
You kill the orc priest!
You howl as the wereblood boils in your veins!
The bullfrog barely misses you.
You bite the bullfrog!
You kill the bullfrog!
You kill the orc!
You bite the orc warrior!
The orc warrior is poisoned.
The orc warrior is moderately wounded.
The orc wizard casts a spell.
The orc wizard flickers and vanishes!
Deactivating autopickup; reactivate with Ctrl-A.
You hit the orc warrior but do no damage.
The orc warrior looks as sick as possible!
The orc warrior is moderately wounded.
The orc warrior hits you with a +0 battleaxe!!
You die...

...#........#######.#.......
#####.# #...........####.........
..#... ##.........(..............
....####........................#
...##.............####.........##
.......##......).## #.........#
.......##........# ##...........
†......##......))# #............
.......##.....{os# ##...........s
.......##......#####...........##
.......##......o...............M
.............>................
...............##....#........
...............<..............
##..............†.......######
#............÷............###
#.............#.......###...#


You could see an orc warrior (extremely poisoned).

Vanquished Creatures
  Pikel (D:5)
  Edmund (D:4)
  An ice beast (D:6)
  2 ogres
  A lemure (D:5)
  Blork the orc (D:5)
  2 bullfrogs (D:6)
  2 hounds (D:6)
  2 orc wizards
  An orc priest (D:6)
  A centaur skeleton (D:6)
  Ijyb (D:5)
  A worker ant (D:5)
  A hound skeleton (D:6)
  A gnoll (D:1)
  4 adders
  2 white imps
  An ufetubus (D:6)
  2 oozes
  2 dart slugs
  6 worms
  3 leopard geckos
  14 orcs
  10 bats (D:1)
  3 giant cockroaches
  8 goblins
  10 hobgoblins
  11 jackals
  A quokka (D:3)
  4 frilled lizards
  6 kobolds
  A leopard gecko skeleton (D:6)
  7 rats
114 creatures vanquished.

Notes
Turn   | Place    | Note
-------+----------+-------------------------------------------
     0 | D:1      | Illumine the Gnoll Transmuter began the quest for the Orb.
     0 | D:1      | Reached XP level 1. HP: 17/17 MP: 6/6
    94 | D:1      | Reached XP level 2. HP: 23/23 MP: 5/7
   460 | D:1      | Reached XP level 3. HP: 25/28 MP: 9/9
   461 | D:1      | Reached skill level 5 in Spellcasting
   745 | D:1      | Learned a level 2 spell: Wereblood
   793 | D:1      | Reached skill level 1 in Invocations
  1107 | D:1      | Reached skill level 1 in Short Blades
  1107 | D:1      | Reached skill level 1 in Long Blades
  1107 | D:1      | Reached skill level 1 in Axes
  1107 | D:1      | Reached skill level 1 in Maces & Flails
  1107 | D:1      | Reached skill level 1 in Polearms
  1107 | D:1      | Reached skill level 1 in Staves
  1107 | D:1      | Reached skill level 1 in Slings
  1107 | D:1      | Reached skill level 1 in Bows
  1107 | D:1      | Reached skill level 1 in Crossbows
  1107 | D:1      | Reached skill level 1 in Throwing
  1107 | D:1      | Reached skill level 1 in Armour
  1107 | D:1      | Reached skill level 1 in Stealth
  1107 | D:1      | Reached skill level 1 in Shields
  1107 | D:1      | Reached skill level 1 in Evocations
  1288 | D:2      | Found an opulent altar of Gozag.
  1288 | D:2      | Found a hide-covered altar of Uskayaw.
  1288 | D:2      | Found a blossoming altar of Fedhas.
  1288 | D:2      | Found a shattered altar of Ashenzari.
  1289 | D:2      | Found an ornate altar of the Wu Jian Council.
  1298 | D:2      | Reached XP level 4. HP: 34/34 MP: 11/11
  1306 | D:2      | Became a worshipper of Ashenzari the Shackled
  1315 | D:2      | Found a sacrificial altar of Ru.
  1387 | D:2      | Learned a level 3 spell: Spider Form
  1453 | D:2      | Found an ancient bone altar of Kikubaaqudgha.
  1998 | D:3      | Reached skill level 1 in Conjurations
  1998 | D:3      | Reached skill level 1 in Hexes
  1998 | D:3      | Reached skill level 1 in Summonings
  1998 | D:3      | Reached skill level 1 in Necromancy
  1998 | D:3      | Reached skill level 1 in Translocations
  1998 | D:3      | Reached skill level 1 in Fire Magic
  1998 | D:3      | Reached skill level 1 in Ice Magic
  1998 | D:3      | Reached skill level 1 in Air Magic
  1998 | D:3      | Reached skill level 1 in Earth Magic
  1998 | D:3      | Reached skill level 1 in Poison Magic
  2001 | D:3      | Reached XP level 5. HP: 35/40 MP: 9/12
  3026 | D:4      | Noticed Edmund
  3271 | D:4      | Noticed an ogre
  3280 | D:4      | Killed an ogre
  3280 | D:4      | Reached XP level 6. HP: 47/47 MP: 13/13
  3338 | D:4      | Learned a level 1 spell: Apportation
  3388 | D:4      | Found a staircase to the Ecumenical Temple.
  3855 | D:5      | Entered Level 5 of the Dungeon
  3971 | D:5      | Reached skill level 5 in Dodging
  4197 | D:5      | Noticed Blork the orc
  4494 | D:5      | Noticed Pikel
  4515 | D:5      | Killed Pikel
  4515 | D:5      | Reached skill level 7 in Unarmed Combat
  4515 | D:5      | Reached XP level 7. HP: 32/53 MP: 9/15
  4666 | D:5      | Noticed Ijyb
  4676 | D:5      | Killed Ijyb
  4676 | D:5      | Reached XP level 8. HP: 34/60 MP: 12/16
  5037 | D:5      | Found a shadowy altar of Dithmenos.
  5229 | D:5      | Killed Blork the orc
  5299 | D:4      | Killed Edmund
  5871 | D:5      | Found a shimmering altar of Xom.
  6065 | D:5      | Learned a level 4 spell: Ice Form
  6480 | D:6      | Found Ytomeape's General Store.
  6534 | D:6      | Noticed a hippogriff
  6535 | D:6      | Noticed Menkaure
  6547 | D:6      | Identified the amulet "Zoeneen" {Reflect MR+ SH+5}
  6570 | D:6      | Slain by an orc warrior

Illustrated notes

Levels and vault maps discovered:
D:1:      dpeg_arrival_pond, layout_loops_corners
D:2:      layout_basic, nicolae_overflow_crystal_walls, kiku_gazebo_pond_becter,
          grunt_temple_overflow_open
D:3:      layout_loops_ring, kennysheep_generic_room_9
D:4:      layout_basic, minmay_temple_entry_fiery, mrwooster_statue_mirror,
          chequers_serial_rivers_small_3, uniq_edmund
D:5:      layout_basic, kennysheep_little_box, nicolae_dithmenos_shadow_blocks,
          glass_columns_a, uniq_pikel, uniq_ijyb, uniq_blork_the_orc
D:6:      layout_rooms, nicolae_overflow_hidden_temple, serial_shops,
          nicolae_shop_statue_plus, uniq_menkaure

Skill      XL: |  1  2  3  4  5  6  7  8 |
---------------+-------------------------+-----
Spellcasting   | 5 6 |  6.2
Invocations    | 1 2 3 |  3.9
Short Blades   | 1 2 3 |  3.5
Long Blades    | 1 2 3 |  3.5
Axes           | 1 2 3 |  3.5
Maces & Flails | 1 2 3 |  3.5
Polearms       | 1 2 3 |  3.5
Staves         | 1 2 3 |  3.5
Slings         | 1 2 3 |  3.5
Bows           | 1 2 3 |  3.5
Crossbows      | 1 2 3 |  3.5
Throwing       | 1 2 3 |  3.5
Armour         | 1 2 3 |  3.5
Stealth        | 1 2 3 |  3.5
Shields        | 1 2 3 |  3.5
Evocations     | 1 2 3 |  3.5
Conjurations   | 1 2 |  2.9
Hexes          | 1 2 |  2.9
Summonings     | 1 2 |  2.9
Necromancy     | 1 2 |  2.9
Translocations | 1 2 |  2.9
Fire Magic     | 1 2 |  2.9
Ice Magic      | 1 2 |  2.9
Air Magic      | 1 2 |  2.9
Earth Magic    | 1 2 |  2.9
Poison Magic   | 1 2 |  2.9
Fighting       | 3 4 |  4.4
Transmutations | 4 |  4.8
Dodging        | 5 |  5.8
Unarmed Combat | 7 |  7.5

Action                   |  1- 3 |  4- 6 |  7- 9 || total
-------------------------+-------+-------+-------++-------
Melee: Unarmed           |    88 |   164 |    93 ||   345
       Kick              |     7 |    14 |     6 ||    27
       Headbutt          |     2 |     9 |     5 ||    16
       Bite              |     5 |    17 |    12 ||    34
       Punch             |     1 |     2 |       ||     3
Throw: Dart              |       |     4 |     2 ||     6
 Cast: Beastly Appendage |     6 |     8 |     5 ||    19
       Wereblood         |     1 |     4 |     4 ||     9
       Spider Form       |       |     1 |     3 ||     4
 Stab: Sleeping          |     5 |     9 |     4 ||    18
       Distracted        |       |     1 |       ||     1
Armor: Robe              |    15 |     4 |       ||    19
       Leather armour    |       |     2 |     9 ||    11
       Skin              |       |       |     1 ||     1
Dodge: Dodged            |    70 |    79 |    64 ||   213

Table legend: (Time is in decaauts)
 A = Elapsed time spent in this place.
 B = Non-inter-level travel time spent in this place.
 C = Inter-level travel time spent in this place.
 D = Time resting spent in this place.
 E = Time spent auto-exploring this place.
 F = Levels seen in this place.
 G = Mean time per level.
                   A        B        C        D        E       F      G
               +--------+--------+--------+--------+--------+-----+--------+
         Total |   6536 |   6147 |    389 |   1291 |   3820 |   6 | 1089.3 |
       Dungeon |   6536 |   6147 |    389 |   1291 |   3820 |   6 | 1089.3 |
               +--------+--------+--------+--------+--------+-----+--------+

Top non-repeatable levels by time:
     D:5: 1736 daAuts
     D:1: 1278 daAuts
     D:4: 1252 daAuts
     D:3: 1140 daAuts
     D:2: 690 daAuts
     D:6: 439 daAuts
